 Dungeon Crawl Stone Soup version 0.18-a0-1308-g45b86c9 (webtiles) character file.

231 KarvaRausku the Insei (level 5, -5/48 HPs)
             Began as a Draconian Monk on Feb 13, 2016.
             Was a Believer of Makhleb.
             Slain by Prince Ribbit (7 damage)
             ... on level 5 of the Dungeon.
             The game lasted 00:10:19 (3379 turns).

KarvaRausku the Insei (Draconian Monk)              Turns: 3379, Time: 00:10:20

Health: -5/48      AC:  5    Str: 12 (13) XL:     5   Next: 72%
Magic:  5/5        EV: 13    Int: 10      God:    Makhleb [**....]
Gold:   160        SH:  0    Dex: 15      Spells: 0 memorised, 4 levels left

rFire  + . .     SeeInvis .       - Unarmed
rCold  . . .     Gourm    .     (armour unavailable)
rNeg   . . .     Faith    .     (no shield)
rPois  .         Spirit   .     (helmet restricted)
rElec  .         Dismiss  .     (no cloak)
rCorr  .         Reflect  .     (no gloves)
SustAt +         Harm     .     (no boots)
MR     .....                    (no amulet)
Stlth  ++........               j - ring of protection from fire
                                g - ring of sustain attributes

@: not resistant to hostile enchantments, unstealthy
A: unfitting armour, cold-blooded, AC +5
a: Minor Destruction, Renounce Religion


You were on level 5 of the Dungeon.
You worshipped Makhleb.
Makhleb was pleased with you.
You were hungry.

You visited 2 branches of the dungeon, and saw 6 of its levels.

You collected 160 gold pieces.

Inventory:

Hand Weapons
 h - a +0 hunting sling
Armour
 o - a +0 robe
Jewellery
 g - a ring of sustain attributes (left hand)
 j - a ring of protection from fire (right hand)
Wands
 l - a wand of slowing (20/48)
 p - a wand of random effects (19/48)
Scrolls
 c - a scroll of teleportation {unknown}
 d - 2 scrolls of identify {unknown}
 e - a scroll of recharging {unknown}
 i - 2 scrolls of fear {unknown}
 k - a scroll of blinking {unknown}
 m - a scroll of random uselessness {unknown}
 q - a scroll of enchant armour {unknown}
 t - a scroll of enchant weapon {unknown}
 u - a scroll of magic mapping {unknown}
Potions
 b - 6 potions of curing
Books
 n - a Grand Grimoire

   Spells                             Type                      Level
   a - Monstrous Menagerie            Summoning                    7
   b - Summon Greater Demon           Summoning                    7
   c - Malign Gateway                 Summoning/Translocation      7
   d - Summon Horrible Things         Summoning                    8
Comestibles
 a - a bread ration
 f - a meat ration
 r - a slice of pizza
 s - a beef jerky


   Skills:
 + Level 5.1 Fighting
 + Level 3.3 Dodging
 + Level 2.7 Stealth
 + Level 5.2 Unarmed Combat


You had 4 spell levels left.
You didn't know any spells.

Dungeon Overview and Level Annotations

Branches:
Dungeon (5/15)             Temple (1/1) D:4

Altars:
Ashenzari
Cheibriados
Dithmenos
Elyvilon
Fedhas
Kikubaaqudgha
Makhleb
Nemelex Xobeh
Okawaru
Pakellas
Qazlal
Sif Muna
Trog
Vehumet
Xom
Yredelemnul
The Shining One

Annotations:
D:5 Prince Ribbit


Innate Abilities, Weirdness & Mutations

Your plain brown scales are hard (AC +5).
Your body does not fit into most forms of armour.
You are cold-blooded and may be slowed by cold attacks.


Message History

Okay, then.
Evoke which item? (* to show all) (? for menu, Esc to quit)
Zapping:
p - a wand of random effects (will waste charges)
Press: ? - help, Shift-Dir - straight line, f - Prince Ribbit
Aim: Prince Ribbit (heavily wounded)
The bolt of fire misses Prince Ribbit.
Evoking this partially-identified wand wasted a few charges.
You are too injured to fight recklessly!
You miss Prince Ribbit.
Prince Ribbit is heavily wounded.
Prince Ribbit hits you but does no damage.
You closely miss Prince Ribbit.
Prince Ribbit is heavily wounded.
Prince Ribbit barely misses you.
You closely miss Prince Ribbit.
Prince Ribbit is heavily wounded.
Prince Ribbit hits you!
* * * LOW HITPOINT WARNING * * *
Prince Ribbit hits you!
You die...

#######.########
................
#######.#######.
#######'####
#...".†....###
#...........!..
#..........####
#..F.......#
#...@......#
..........#####
..........#
..........#
..........#
..........#
.)....(..?#
.......$$.#


You could see Prince Ribbit.

Vanquished Creatures
  A water moccasin skeleton (D:4)
  A hound (D:5)
  A hound skeleton (D:5)
  6 adders
  2 oozes
  5 worms
  2 giant geckos
  2 ball pythons (D:3)
  6 bats
  A giant cockroach (D:4)
  9 goblins
  7 hobgoblins
  3 jackals (D:1)
  A giant gecko zombie (D:5)
  5 giant newts
  6 kobolds
  9 rats
67 creatures vanquished.

Notes
Turn   | Place    | Note
--------------------------------------------------------------
     0 | D:1      | KarvaRausku the Draconian Monk began the quest for the Orb.
     0 | D:1      | Reached XP level 1. HP: 19/19 MP: 1/1
   187 | D:1      | Reached XP level 2. HP: 15/26 MP: 2/2
   915 | D:2      | Reached XP level 3. HP: 31/33 MP: 3/3
  1152 | D:2      | Found a basalt altar of Yredelemnul.
  1249 | D:2      | Found a snail-covered altar of Cheibriados.
  1249 | D:2      | Found a glowing golden altar of the Shining One.
  1254 | D:2      | Found a blossoming altar of Fedhas.
  1633 | D:3      | Reached XP level 4. HP: 34/41 MP: 4/4
  2400 | D:4      | Found a staircase to the Ecumenical Temple.
  2470 | Temple   | Entered the Ecumenical Temple
  2505 | Temple   | Became a worshipper of Makhleb the Destroyer
  2505 | Temple   | Reached * piety under Makhleb
  2505 | Temple   | Reached ** piety under Makhleb
  2753 | D:4      | Reached skill level 5 in Unarmed Combat
  2753 | D:4      | Reached XP level 5. HP: 28/47 MP: 5/5
  3283 | D:5      | Entered Level 5 of the Dungeon
  3292 | D:5      | Reached skill level 5 in Fighting
  3348 | D:5      | Noticed Prince Ribbit
  3379 | D:5      | HP: 2/48 [Prince Ribbit (12)]
  3379 | D:5      | Slain by Prince Ribbit

Vault maps used:
D:1:      roderic_octagonal_star, minmay_box_of_dots
D:2:      overflow_temple_1_default, minitemple
D:3:      grunt_decor_one_mirror, minmay_misc_feat_nine_boxes
D:4:      minmay_temple_entry_trees
D:5:      first_bread, uniq_menkaure, uniq_prince_ribbit1
Temple:   circular_temple_13

Action                   |  1- 3 |  4- 6 || total
-------------------------+-------+-------++-------
Melee: Unarmed           |   133 |   132 ||   265
Evoke: Wand              |       |     1 ||     1
  Use: Potion            |       |     3 ||     3
 Stab: Sleeping          |     3 |     5 ||     8
  Eat: Chunk             |     2 |     5 ||     7
